Map: Orbital Shipyard

Players

xKawaiian

  • Race: Terran Terran
  • League: Master

iAmJeffReY - Winner!

  • Race: Terran Terran
  • League: Master

VOD

Have the link to the VOD?

Description

Time

  • Played on: Jan. 10, 2016, 4:35 p.m.
  • Length: 13:07
Show
View Real Time Build Order
Export as new Build Order

xKawaiian Terran 

Build Orders: 1/1/1, Cyclone Opening, Bio Tank 

Get SALT Encoding   

  12  0:01  SCV  
  13  0:13  SCV  
  14  0:18  Supply Depot  
  14  0:25  SCV  
  15  0:39  SCV  
  15  0:40  Barracks  
  16  0:46  Refinery  
  16  0:51  SCV  
  16  0:53  Refinery  
  17  1:03  SCV  
  18  1:15  SCV  
  19  1:29  Marine  
  19  1:30  Orbital Command  
  20  1:34  Factory  
  20  1:44  Supply Depot  
  20  1:48  Marine  
  21  1:55  SCV  
  22  2:06  Marine  
  22  2:07  SCV  
  24  2:17  Starport  
  24  2:18  Factory Tech Lab  
  24  2:20  SCV  
  25  2:25  Supply Depot  
  25  2:30  Marine  
  25  2:33  SCV  
  27  2:39  Cyclone  
  30  2:45  SCV  
  30  2:48  Marine  
  32  2:53  Medivac  
  32  2:57  Supply Depot  
  34  2:59  SCV  
  35  3:06  Marine  
  35  3:11  SCV  
  37  3:18  Siege Tank, Liberator  
  40  3:21  Supply Depot  
  40  3:24  SCV  
  41  3:29  Marine  
  45  3:47  Marine  
  45  3:58  Siege Tank  
  45  3:59  SCV  
  49  4:03  Supply Depot  
  49  4:05  Marine  
  49  4:09  Liberator  
  47  4:22  Marine  
  50  4:34  Command Center  
  50  4:40  Marine  
  51  4:53  Siege Tank  
  51  4:57  Supply Depot  
  51  4:58  Marine  
  50  5:17  SCV  
  49  5:21  Barracks  
  49  5:23  Barracks  
  49  5:27  Starport Reactor  
  49  5:29  SCV  
  49  5:35  Barracks Reactor  
  49  5:42  SCV  
  50  5:48  Orbital Command  
  50  5:55  Siege Tank  
  50  5:56  SCV  
  54  6:05  Medivac  
  54  6:08  SCV  
  54  6:09  Marine, Medivac  
  54  6:10  Refinery  
  60  6:15  SCV  
  60  6:16  Barracks Tech Lab  
  61  6:20  SCV  
  61  6:24  Marine  
  63  6:25  Marine  
  63  6:27  SCV  
  63  6:29  Marine  
  63  6:32  SCV  
  67  6:37  Supply Depot  
  67  6:38  Marine  
  67  6:39  SCV  
  69  6:42  Stimpack, Marine  
  69  6:43  Marine  
  69  6:44  SCV  
  69  6:46  Medivac  
  74  6:50  Marine  
  75  6:56  Marine  
  75  6:58  SCV  
  75  6:59  SCV, Marine  
  75  7:01  Marine  
  79  7:02  Supply Depot  
  79  7:03  Supply Depot  
  79  7:08  Medivac  
  82  7:09  Hellion  
  82  7:10  SCV  
  82  7:14  Marine  
  87  7:16  SCV  
  87  7:17  Marine  
  87  7:18  Refinery  
  87  7:19  Barracks Reactor  
  88  7:24  Marine  
  88  7:25  SCV  
  88  7:28  SCV  
  91  7:30  Siege Tank  
  91  7:32  Marine  
  95  7:41  Marine  
  79  7:51  Medivac  
  79  7:52  Marine  
  79  7:53  Marine  
  79  7:54  Command Center  
  79  7:55  SCV x2  
  82  8:00  Marine, Medivac  
  82  8:02  Siege Tank  
  82  8:05  Supply Depot  
  82  8:07  SCV  
  82  8:10  Marine x3  
  87  8:14  Marine  
  87  8:24  Marine  
  87  8:25  Engineering Bay  
  87  8:26  Engineering Bay  
  87  8:28  Marine  
  87  8:30  Marine  
  87  8:35  Siege Tank  
  87  8:39  Marine x2  
  92  8:42  Combat Shields, Marine  
  92  8:45  Medivac  
  91  8:52  SCV, Marine x2  
  91  8:53  SCV  
  90  8:55  Terran Infantry Weapons Level 1  
  86  9:05  SCV x2  
  86  9:06  Supply Depot  
  86  9:07  Siege Tank  
  86  9:09  Marine x4  
  92  9:11  Terran Infantry Armor Level 1  
  92  9:15  Orbital Command  
  92  9:16  Marine  
  94  9:20  Medivac  
  94  9:23  SCV x2  
  98  9:27  Marine x4  
  102  9:31  Medivac  
  102  9:35  Marine  
  102  9:37  SCV  
  106  9:39  Siege Tank  
  106  9:43  SCV  
  110  9:47  Marine  
  110  9:49  Barracks  
  110  9:50  Marine  
  110  9:51  Barracks  
  112  9:55  Marine x2  
  112  9:58  Medivac  
  116  10:00  Armory  
  116  10:01  Medivac  
  116  10:02  Marine  
  116  10:05  Supply Depot, Marine  
  120  10:08  Marine  
  114  10:20  Marine  
  115  10:27  Marine x3  
  115  10:28  Supply Depot, Siege Tank, Medivac  
  114  10:31  Medivac  
  114  10:33  Marine  
  114  10:34  SCV  
  117  10:36  Refinery x2  
  117  10:37  Factory  
  117  10:38  Marine  
  117  10:42  Barracks Reactor  
  115  10:44  Barracks Reactor, Marine  
  115  10:45  Marine  
  115  10:46  Marine  
  118  10:51  Marine  
  118  10:56  Marine  
  120  11:01  Siege Tank  
  120  11:02  Marine  
  120  11:03  Marine x2  
  118  11:09  Marine  
  104  11:13  Marine  
  99  11:19  Marine  
  99  11:20  Marine  
  99  11:21  Marine x2  
  91  11:26  Marine x2  
  86  11:33  Siege Tank, Marine x2  
  86  11:38  SCV x3  
  74  11:46  Factory Tech Lab  
  74  11:50  SCV x2, Marine x5  
  74  11:51  Marine x2  
  74  11:52  SCV  
  81  11:54  Starport Reactor  
  81  11:59  Marine  
  81  12:00  Marine  
  83  12:02  SCV x2  
  83  12:04  SCV  
  83  12:05  Siege Tank  
  83  12:06  Supply Depot  
  89  12:10  Marine x2  
  89  12:14  SCV, Marine  
  89  12:15  SCV  
  97  12:16  SCV  
  97  12:17  Supply Depot  
  97  12:18  Supply Depot  
  92  12:31  Marine x2  
  92  12:33  Marine  
  92  12:34  Marine x3  
  93  12:43  Marine x2  
  84  12:48  SCV  
Show
View Real Time Build Order
Export as new Build Order

iAmJeffReY Terran - Winner!

Build Orders:  

Get SALT Encoding   

  12  0:00  SCV  
  13  0:13  SCV  
  14  0:17  Supply Depot  
  14  0:25  SCV  
  15  0:39  SCV, Refinery  
  16  0:44  Barracks  
  16  0:51  SCV  
  17  1:03  SCV  
  18  1:15  SCV  
  19  1:30  Orbital Command  
  19  1:32  Barracks Reactor  
  19  1:44  Command Center  
  19  1:53  Supply Depot  
  19  2:01  SCV  
  19  2:09  Marine x2  
  19  2:13  SCV  
  22  2:19  Factory  
  22  2:25  SCV  
  22  2:26  Marine x2  
  22  2:29  Refinery  
  25  2:37  SCV  
  25  2:39  Supply Depot  
  26  2:45  Marine  
  26  2:46  Marine  
  26  2:49  SCV  
  29  2:55  Orbital Command  
  29  3:01  SCV  
  30  3:11  Hellion x2, Barracks Tech Lab  
  34  3:22  SCV x2  
  36  3:35  Starport  
  36  3:39  Cyclone, Marine x2  
  35  3:52  SCV x2  
  36  3:57  Marine x2  
  36  4:11  Siege Tank  
  36  4:14  Marine  
  36  4:15  Marine  
  41  4:21  SCV x2  
  43  4:30  Medivac  
  45  4:33  SCV  
  46  4:38  Supply Depot  
  46  4:42  SCV, Marine  
  48  4:46  SCV, Supply Depot  
  49  4:54  SCV  
  49  4:56  Siege Tank  
  53  5:07  Viking  
  51  5:17  SCV x2  
  50  5:24  Marine x2  
  52  5:29  Command Center  
  52  5:31  SCV  
  52  5:32  SCV  
  52  5:33  Siege Tank  
  57  5:43  SCV  
  57  5:44  SCV, Supply Depot  
  59  5:54  Barracks, Marine x2  
  59  5:55  Barracks  
  61  5:58  SCV  
  61  6:03  Supply Depot  
  62  6:05  Engineering Bay  
  62  6:06  SCV  
  62  6:10  SCV  
  64  6:12  Marine x2  
  64  6:18  SCV  
  67  6:21  Medivac  
  67  6:24  SCV  
  67  6:25  Supply Depot  
  70  6:26  Siege Tank  
  70  6:30  SCV, Refinery  
  70  6:31  Terran Infantry Weapons Level 1  
  74  6:36  SCV  
  75  6:42  SCV, Barracks Tech Lab, Barracks Reactor  
  76  6:58  Orbital Command  
  76  6:59  Siege Tank, Marine  
  76  7:00  Marine  
  81  7:02  Marine  
  81  7:03  Stimpack  
  81  7:04  Refinery  
  81  7:05  SCV x2  
  84  7:13  Missile Turret  
  84  7:14  Missile Turret  
  84  7:17  SCV x2, Marine x2  
  84  7:20  Marine x3  
  91  7:23  Medivac  
  91  7:29  SCV  
  94  7:30  SCV  
  94  7:31  SCV  
  94  7:34  Missile Turret  
  94  7:35  Marine  
  97  7:41  SCV  
  97  7:42  Orbital Command  
  90  7:49  SCV  
  83  7:53  SCV  
  84  8:00  Marine x4  
  84  8:01  SCV, Marine  
  90  8:05  SCV  
  90  8:09  Medivac  
  90  8:10  Siege Tank  
  96  8:13  SCV  
  96  8:15  SCV  
  96  8:18  SCV, Marine x2  
  101  8:25  Barracks x2  
  101  8:30  SCV x2  
  101  8:31  SCV  
  101  8:34  Marine x3  
  101  8:44  SCV, Marine  
  101  8:46  Marine  
  100  8:48  SCV  
  101  9:02  Refinery  
  101  9:06  Combat Shields  
  101  9:14  Supply Depot, Barracks Reactor  
  101  9:15  Supply Depot  
  101  9:19  Missile Turret  
  101  9:23  Barracks Reactor  
  101  9:31  Missile Turret x3  
  101  9:33  Missile Turret  
  101  9:35  SCV x3, Missile Turret, Marine x5  
  101  9:36  Missile Turret  
  109  9:46  Supply Depot  
  109  9:47  SCV x3  
  109  9:49  Supply Depot  
  109  9:50  Starport Reactor  
  109  9:51  Marine x2  
  114  9:53  Marine x3  
  117  10:05  Supply Depot  
  117  10:07  SCV x2, Marine x4  
  117  10:11  Marine x3  
  123  10:18  Marine  
  118  10:25  Marine x2  
  118  10:27  SCV x3  
  108  10:30  Marine  
  108  10:31  Marine x4  
  109  10:37  Siege Tank, Marine  
  109  10:38  Marine  
  109  10:39  SCV x2  
  109  10:40  Terran Infantry Armor Level 1  
  115  10:43  Armory, Engineering Bay, Marine x2  
  115  10:48  Marine x5  
  122  10:55  Marine  
  122  10:56  Marine  
  122  11:01  Marine x2  
  124  11:06  Marine  
  124  11:09  Siege Tank  
  121  11:15  Marine  
  121  11:16  Marine  
  98  11:25  Orbital Command  
  98  11:32  SCV x2  
  91  11:41  Siege Tank  
  91  11:44  SCV, Marine x4  
  91  11:45  SCV  
  100  11:47  Marine  
  101  11:55  Marine x4  
  101  11:56  SCV  
  101  11:57  SCV  
  107  12:02  Marine  
  107  12:06  Missile Turret  
  107  12:07  Missile Turret  
  107  12:08  Marine x4  
  109  12:09  SCV  
  109  12:13  Siege Tank, Marine  
  115  12:27  SCV x2  
  101  12:45  Marine x9  
Tags
 
Add a new tag
Caveats
  • Supply blocks, unpowered buildings, or Contaminate may cause inaccurate times.
  • Supply counts are checked every 10 seconds.